 Dungeon Crawl Stone Soup version 0.17-a0-1954-g0dddeaa (webtiles) character file.

33 EvilYahweh the Grave Robber (level 3, -1/24 HPs)
             Began as a Human Necromancer on Oct 4, 2015.
             Slain by a worm (10 damage)
             ... on level 2 of the Dungeon.
             The game lasted 00:05:14 (2120 turns).

EvilYahweh the Grave Robber (Human Necromancer)     Turns: 2120, Time: 00:05:14

Health: -1/24      AC:  2    Str:  9    XL:     3   Next: 47%
Magic:  0/6        EV: 12    Int: 15    God:
Gold:   36         SH:  0    Dex: 13    Spells: 2 memorised, 4 levels left

rFire  . . .     SeeInvis .     e - +0 club
rCold  . . .     Clarity  .     a - +0 robe
rNeg   . . .     SustAt   .     (no shield)
rPois  .         Gourm    .     (no helmet)
rElec  .         Spirit   .     (no cloak)
rCorr  .         Warding  .     (no gloves)
rMut   .         Stasis   .     (no boots)
MR     .....                    (no amulet)
Stlth  ++........               (no ring)
                                (no ring)

@: not resistant to hostile enchantments, unstealthy
A: no striking features
a: no special abilities


You were on level 2 of the Dungeon.
You were near starving.

You visited 1 branch of the dungeon, and saw 2 of its levels.

You collected 36 gold pieces.

Inventory:

Hand weapons
 e - a +0 club (weapon)
Armour
 a - a +0 robe (worn)
Jewellery
 f - an uncursed amulet of regeneration {unknown}
Scrolls
 g - a scroll of noise {unknown}
 k - a scroll of teleportation {unknown}
 l - a scroll of remove curse {unknown}
 n - a scroll of identify {unknown}
Potions
 d - a potion of cancellation {unknown}
 h - a potion of heal wounds {unknown}
 i - a potion of might {unknown}
 j - a potion of ambrosia {unknown}
Books
 b - a book of Necromancy

   Spells                             Type                      Level
   a - Pain                           Necromancy                   1
   b - Animate Skeleton               Necromancy                   1
   c - Vampiric Draining              Necromancy                   3
   d - Regeneration                   Charms/Necromancy            3
   e - Animate Dead                   Necromancy                   4
   f - Control Undead                 Necromancy                   4
Comestibles
 c - a bread ration
 m - a beef jerky


   Skills:
 * Level 1.8 Maces & Flails
 - Level 2.0 Dodging
 - Level 2.0 Stealth
 - Level 2.0 Spellcasting
 + Level 4.5 Necromancy


You had 4 spell levels left.
You knew the following spells:

 Your Spells              Type           Power        Failure   Level  Hunger
a - Pain                  Necr           ###.         3%          1    #......
b - Animate Skeleton      Necr           N/A          3%          1    #......


Dungeon Overview and Level Annotations

Branches:
Dungeon (2/15)

Altars:


Message History

Press: ? - help, Shift-Dir - straight line, f/p - worm
Aim: a worm (lightly wounded, chance to defeat MR: 80%)
The worm convulses in agony!
Your kobold skeleton hits the worm with a dagger.
Your kobold skeleton hits the worm with a club.
The worm bites you.
You hit the worm but do no damage.
The worm is heavily wounded.
Your kobold skeleton hits the worm with a dagger.
Your kobold skeleton hits the worm with a club.
You barely miss the worm.
The worm is severely wounded.
Your kobold skeleton hits the worm with a dagger.
The worm bites you!
Your kobold skeleton hits the worm but does no damage.
You hit the worm.
The worm is almost dead.
Your kobold skeleton hits the worm with a dagger.
The worm bites you!
You die...

#
#.#......##.#####.
# ........###.# #
#>#.##.####Z# # #
#.....[...# #
####.###### #
##'## # ##...##
##ZZ...##
#%@w....#
#.........# .
+.......).+ #
#.........#
##.......##
##.....## ##...##
#+##


You could see a worm and 2 friendly kobold skeletons.

Vanquished Creatures
  An ooze (D:2)
  3 giant geckos
  3 bats
  2 giant cockroaches (D:1)
  2 goblins
  3 hobgoblins
  A jackal (D:1)
  A ball python (D:1)
  2 giant newts
  5 kobolds
  A rat (D:1)
24 creatures vanquished.

Vanquished Creatures (others)
  4 toadstools (D:1)
4 creatures vanquished.

Grand Total: 28 creatures vanquished

Notes
Turn   | Place    | Note
--------------------------------------------------------------
     0 | D:1      | EvilYahweh the Human Necromancer began the quest for the Orb.
     0 | D:1      | Reached XP level 1. HP: 13/13 MP: 3/3
    66 | D:1      | Learned a level 1 spell: Animate Skeleton
   934 | D:1      | Reached skill level 1 in Maces & Flails
   934 | D:1      | Reached XP level 2. HP: 17/19 MP: 3/5
  1819 | D:2      | Reached XP level 3. HP: 24/24 MP: 4/6
  2120 | D:2      | Slain by a worm

Vault maps used:
D:1:      ldierk_water_garden, kennysheep_nondescript, minmay_misc_feat_room
D:2:      first_bread

Action                   || total
-------------------------++-------
Melee: Club              ||    28
 Cast: Pain              ||    40
       Animate Skeleton  ||     9
  Eat: Chunk             ||     3
